 Dungeon Crawl Stone Soup version 0.18.1-8-gdd0e5ea (webtiles) character file.

1387 georgeearnest the Insei (level 8, -1/69 HPs)
             Began as a Red Draconian Monk on May 24, 2016.
             Was a High Priest of Pakellas.
             Slain by a wight
             ... wielding a cursed +3 falchion of freezing
              (8 damage)
             ... on level 5 of the Dungeon.
             The game lasted 00:27:05 (8378 turns).

georgeearnest the Insei (Red Draconian Monk)        Turns: 8378, Time: 00:27:05

Health: -1/69      AC:  8    Str: 12 (13) XL:     8   Next: 40%
Magic:  9/9        EV: 14    Int: 10 (12) God:    Pakellas [*****.]
Gold:   335        SH:  0    Dex: 13 (15) Spells: 0 memorised, 7 levels left

rFire  + . .     SeeInvis +       - Unarmed
rCold  . . .     Gourm    .     (armour unavailable)
rNeg   . . .     Faith    .     (no shield)
rPois  .         Spirit   .     (helmet restricted)
rElec  .         Dismiss  .     b - +1 cloak
rCorr  .         Reflect  .     (no gloves)
SustAt .         Harm     .     (no boots)
MR     .....                    (no amulet)
Stlth  ++........               (no ring)
                                o - ring of see invisible

@: lethally poisoned (-1 -> -2), heavily drained, not resistant to hostile
enchantments, unstealthy
A: breathe fire, unfitting armour, fire resistance 1, cold-blooded, AC +6
a: Breathe Fire, Quick Charge, Device Surge, Renounce Religion


You were on level 5 of the Dungeon.
You worshipped Pakellas.
Pakellas was extremely pleased with you.
You were not hungry.

You visited 1 branch of the dungeon, and saw 6 of its levels.

You collected 335 gold pieces.

Inventory:

Hand Weapons
 e - the +2 trident "Diupsops" {drain, Str+2, unknown}
   (You took it off an orc wizard on level 5 of the Dungeon)

   A truly terrible weapon, it drains the life of those it strikes.
   It affects your strength (+2).
Armour
 b - a +1 cloak (worn)
Rods
 a - a +3 rod of clouds (12/12)
   (Pakellas gifted it to you on level 5 of the Dungeon)
Jewellery
 j - a -2 ring of evasion
 o - a ring of see invisible (left hand)
Wands
 k - a wand of polymorph (19/24)
 r - a wand of iceblast (6/15)
 w - a wand of enslavement (4/24)
Scrolls
 g - a scroll of identify
 v - a scroll of remove curse
 y - a scroll of random uselessness
Potions
 u - 3 potions of magic
Books
 x - a book of Death

   Spells                             Type                      Level
   a - Corpse Rot                     Necromancy                   2
   b - Sublimation of Blood           Necromancy                   2
   c - Agony                          Necromancy                   5
   d - Dispel Undead                  Necromancy                   5
   e - Excruciating Wounds            Charms/Necromancy            5
   f - Bolt of Draining               Conjuration/Necromancy       5
Miscellaneous
 A - a lamp of fire (inert)
Comestibles
 d - a slice of pizza
 p - 4 fruits
 s - 2 meat rations
 t - a beef jerky


   Skills:
 + Level 5.5(3.6) Fighting
 + Level 6.6(4.6) Dodging
 + Level 3.0(1.2) Stealth
 + Level 7.1(5.0) Unarmed Combat
 + Level 2.0(0.2) Evocations


You had 7 spell levels left.
You didn't know any spells.

Dungeon Overview and Level Annotations

Branches:
Dungeon (6/15)
 Temple: D:4-7

Altars:
Kikubaaqudgha
Okawaru
Pakellas
Qazlal
Sif Muna
Trog
The Shining One

Annotations:
D:5 Grinder


Innate Abilities, Weirdness & Mutations

You can breathe blasts of fire.
Your fiery red scales are hard (AC +6).
Your body does not fit into most forms of armour.
Your flesh is heat resistant.
You are cold-blooded and may be slowed by cold attacks.


Message History

The adder misses you.
You barely miss the adder.
The adder is severely wounded.
You feel sick. The adder barely misses you. The wight closely misses your orc.
The adder bites you but does no damage.
You hit the adder but do no damage.
Your tail-slap misses the adder.
The adder is heavily wounded.
The wight hits your orc with a falchion of freezing.
The wight freezes your orc.
Your orc dies!
The adder completely misses you.
You miss the adder.
The adder is heavily wounded.
The adder barely misses you.
You hit the adder. You tail-slap the adder.
The adder is almost dead.
You feel sick. The adder barely misses you.
The wight hits you with a falchion of freezing!
You die...
Pakellas says: Good help is so hard to find these days!

........#.......#########
#.###.####...##...........§#
#.###.###.......##.#######.#
..##..........####.# #.# # #
#.##..###.###.# #.# #.# #
o###.##.[# #.# #.# #.# ##.#
# .(......)###.# #.# #.#
#..# # .†)a[###.#...# #z#
#†# #.## # ((..oa.((§.#.#
#@# #.# #.# #
####a5####...###S####.#
####.#### #oo# #.........#.#
#.5.....÷ #.o#
#..###.##.#.###.##..### #o(#
#.>....................
####oo##
#..######...........###
a.a....# #..# ##..###.##.##
####.........# #..# #.##.# #
##.#####.## #..###.##.#


You could see a wight and an adder.

Vanquished Creatures
  An ice beast (D:5)
  A porcupine (D:4)
  The ghost of georgeearnest the Ruffian, an amateur DrMo (D:5)
  A big kobold (D:4)
  A howler monkey (D:1)
  2 crimson imps
  A hound (D:5)
  A giant frog skeleton (D:5)
  An iguana (D:5)
  4 orc wizards
  3 worker ants
  A hound skeleton (D:5)
  A worker ant zombie (D:5)
  8 adders
  2 gnolls (D:4)
  3 river rats (D:5)
  2 adder skeletons (D:4)
  3 worms
  A dart slug (D:1)
  2 giant geckos (D:4)
  5 orcs
  3 giant cockroaches
  24 goblins
  22 hobgoblins
  5 jackals
  3 quokkas (D:4)
  3 ball pythons
  9 bats
  2 giant newts
  7 kobolds
  6 rats
  A plant (D:2)
130 creatures vanquished.

Vanquished Creatures (collateral kills)
  Sigmund (D:5)
  Blork the orc (D:5)
  A crimson imp (D:5)
  A jelly (D:5)
  3 orc wizards
  3 orc priests
  Terence (D:3)
  Natasha (thrice) (D:3)
  4 gnolls (D:4)
  An adder (D:5)
  2 shadow imps (D:5)
  A worm (D:3)
  12 orcs
  5 goblins (D:4)
  4 hobgoblins (D:4)
  3 jackals (D:4)
  A giant newt (D:4)
  A kobold (D:4)
48 creatures vanquished.

Vanquished Creatures (others)
  A worker ant (D:4)
  An orc (D:5)
2 creatures vanquished.

Grand Total: 180 creatures vanquished

Notes
Turn   | Place    | Note
--------------------------------------------------------------
     0 | D:1      | georgeearnest the Draconian Monk began the quest for the Orb.
     0 | D:1      | Reached XP level 1. HP: 19/19 MP: 1/1
   351 | D:1      | Reached XP level 2. HP: 26/26 MP: 2/2
   726 | D:1      | Reached XP level 3. HP: 31/31 MP: 3/3
  1133 | D:1      | Reached XP level 4. HP: 40/40 MP: 4/4
  1179 | D:2      | Found an oddly glowing altar of Pakellas.
  1430 | D:2      | Became a worshipper of Pakellas the Inventive
  1430 | D:2      | Reached * piety under Pakellas
  1430 | D:2      | Received a gift from Pakellas
  1430 | D:2      | Reached ** piety under Pakellas
  1430 | D:2      | Received a gift from Pakellas
  1480 | D:2      | Reached skill level 5 in Unarmed Combat
  1614 | D:2      | Found a stormy altar of Qazlal.
  1614 | D:2      | Found a bloodstained altar of Trog.
  1614 | D:2      | Found a deep blue altar of Sif Muna.
  2240 | D:3      | Noticed Natasha
  2250 | D:3      | Killed Natasha
  2332 | D:3      | Found a glowing golden altar of the Shining One.
  2334 | D:3      | Noticed Terence
  2335 | D:3      | Noticed Natasha
  2340 | D:3      | Killed Terence
  2358 | D:3      | Killed Natasha
  2416 | D:3      | Reached XP level 5. HP: 39/46 MP: 5/5
  2615 | D:3      | Noticed Natasha
  2632 | D:3      | Killed Natasha
  3231 | D:4      | Noticed an ogre
  3233 | D:4      | Noticed a porcupine
  3233 | D:4      | an ogre changed into a porcupine
  3239 | D:4      | Killed a porcupine
  3239 | D:4      | Reached XP level 6. HP: 35/52 MP: 6/6
  3339 | D:4      | Found an iron altar of Okawaru.
  3413 | D:4      | Reached *** piety under Pakellas
  3413 | D:4      | Received a gift from Pakellas
  3509 | D:4      | Found an ancient bone altar of Kikubaaqudgha.
  4377 | D:4      | Reached **** piety under Pakellas
  4377 | D:4      | Received a gift from Pakellas
  4801 | D:4      | Reached skill level 5 in Dodging
  5102 | D:4      | Your scales start taking on a fiery red colour.
  5102 | D:4      | Reached XP level 7. HP: 59/60 MP: 7/7
  5102 | D:4      | Gained mutation: Your flesh is heat resistant. [Red Draconian growth]
  5112 | D:4      | Reached skill level 6 in Unarmed Combat
  5112 | D:4      | Reached skill level 1 in Evocations
  5489 | D:5      | Entered Level 5 of the Dungeon
  5501 | D:5      | Noticed georgeearnest's ghost (amateur DrMo)
  5545 | D:5      | Killed georgeearnest's ghost
  5804 | D:5      | Reached skill level 5 in Fighting
  6068 | D:5      | Noticed Grinder
  6127 | D:5      | Reached ***** piety under Pakellas
  6127 | D:5      | Received a gift from Pakellas
  6267 | D:5      | Noticed Blork the orc
  6327 | D:5      | Killed Blork the orc
  6844 | D:5      | Noticed Sigmund
  6856 | D:5      | Killed Sigmund
  6856 | D:5      | Reached XP level 8. HP: 68/68 MP: 9/9
  7417 | D:5      | Got an ivory trident {drain}
  8037 | D:5      | Reached skill level 7 in Unarmed Combat
  8209 | D:5      | Paralysed by Grinder for 5 turns
  8221 | D:5      | Paralysed by Grinder for 6 turns
  8378 | D:5      | Slain by a wight

Skill      XL: |  1  2  3  4  5  6  7  8 |
---------------+-------------------------+-----
Dodging        | 3 4 5 6 |  6.6
Unarmed Combat | 5 6 7 |  7.1
Stealth        | 2 3 |  3.0
Fighting       | 4 5 |  5.5
Evocations     | 1 2 |  2.0

Action                   |  1- 3 |  4- 6 |  7- 9 || total
-------------------------+-------+-------+-------++-------
Melee: Unarmed           |    75 |   308 |   316 ||   699
       Tailslap          |    11 |    39 |    32 ||    82
       Punch             |       |     7 |     5 ||    12
 Abil: Breathe Fire      |       |       |     5 ||     5
Evoke: Sack of spiders   |       |     9 |     9 ||    18
       Wand              |       |     8 |     9 ||    17
       Lamp of fire      |       |       |     1 ||     1
  Use: Potion            |       |     3 |     5 ||     8
       Scroll            |       |       |    12 ||    12
 Stab: Sleeping          |     3 |     2 |     1 ||     6
  Eat: Bread ration      |       |     3 |     3 ||     6
Armor: Skin              |    26 |    96 |   130 ||   252
Dodge: Dodged            |    52 |   280 |   283 ||   615
